AoeStats
← Vilo41

Arena

510355950Analyzed
1v1 RM · 1d ago on Sep 30, 2026· 40m 21s· 2 players
Game mode
Random Map
Map size
Tiny (2 player)
Population
200
Speed
Normal
Resources
Standard
Victory
Conquest
Starting age
Dark Age
Ending age
Imperial Age
RankedLock teamsTeams togetherTeam positionsShared explorationLock speedFull tech treeHidden civsTurbo modeCheats
Victory
Defeat
🇻🇪 Portuguese · Venezuela
444
+19
🇨🇭 Saracens · Switzerland
505
-19
Vilo41
9:59 Feudal Age
10:26 Horse Collar
10:34 Double-Bit Axe
14:33 Wheelbarrow
19:08 Castle Age
18:01 Stone Mining
18:17 Fletching
19:07 Gold Mining
19:34 Town Watch
20:27 Bow Saw
19:53 Pikeman
21:30 Heavy Plow
25:39 Bodkin Arrow
27:32 Town Patrol
29:28 Husbandry
32:53 Imperial Age
31:23 Stone Shaft Mining
34:14 Hand Cart
34:31 Halberdier
37:31 Padded Archer Armor
38:35 Chemistry
38:59 Ballistics
38:43 Scale Mail Armor
40:18 Chain Mail Armor
40:24 Town Patrol
tekknomonkey1897
11:36 Feudal Age
13:02 Double-Bit Axe
20:00 Castle Age
18:22 Gold Mining
18:47 Scale Barding Armor
19:05 Stone Mining
21:32 Castle Age
25:44 Bow Saw
29:06 Elite Skirmisher
30:32 Horse Collar
34:46 Thumb Ring
41:41 Imperial Age
39:50 Wheelbarrow
39:11 Town Watch
Connection lost

Rejoining the realm…

Still unreachable

The connection could not be restored.

Session expired

The server has moved on; the page needs a fresh start.